Jonadab, neutral female human Tourist ----- +.%.| ------ |...| |.%..+ ##....| |....| ##--|-- |....-################# |....| # -.--.- # # # # # -------- ### ### --------- |......| # # |......<| #....{...#####-.-.- ----|----- |.......| ###|..%...| #....| |.....%..| |.......+# # ----.--- |...| |...)..I.| |.......| ### # |{..| |......... |.......| # ----- ---------- |........## --------- Jonadab the Sightseer Experience level: 3 Strength: 14 Dexterity: 10 Constitution: 17 Intelligence: 13 Wisdom: 8 Charisma: 14 Health: 0(36) Energy: 6(6) Def: 10 Gold: 1890 Moves: 3734 Dungeon seed: Zs4puWWO0DxEy52I Game ID: Jonadab_1480249615 Your Inventory: Coins $ - 1890 gold pieces Weapons a - 2 uncursed +0 elven daggers named b.U (wielded) c - 35 uncursed +2 darts (in quiver) x - a blessed +2 dart C - 5 uncursed +0 darts E - an uncursed +0 dagger named b.U F - an uncursed +0 orcish dagger named b.U O - a cursed -1 elven dagger V - an uncursed +0 dwarvish short sword Armor e - an uncursed +0 Hawaiian shirt q - an uncursed +0 dwarvish mithril-coat (being worn) r - an uncursed +0 dwarvish iron helm (being worn) y - an uncursed +0 dwarvish cloak (being worn) N - an uncursed +0 pair of iron shoes (being worn) Comestibles b - 9 uncursed food rations d - 2 uncursed fortune cookies f - an uncursed carrot m - an uncursed pancake z - 2 uncursed lichen corpses P - an uncursed egg Scrolls p - a cursed scroll of remove curse s - an uncursed scroll of enchant armor B - 2 cursed scrolls of enchant weapon H - an uncursed scroll of remove curse Q - an uncursed scroll of enchant weapon T - an uncursed scroll of genocide Potions o - an uncursed potion of see invisible u - an uncursed potion of fruit juice v - an uncursed potion of gain level w - an uncursed potion of levitation I - an uncursed potion of booze Wands K - an uncursed wand of light (0:12) W - an uncursed wand of make invisible (0:1) Tools j - an uncursed expensive camera (0:55) k - an uncursed credit card l - an uncursed tin opener D - 3 uncursed tallow candles (0:200) Spells and supernatural/magical abilities: Name Level Category Fail Memory W - pray for help -- divine ? -- Your skills at the end: Fighting Skills wands [Basic] Weapon Skills dart [Basic] Spellcasting Skills Final Attributes: You were stridently aligned. You were poison resistant. You were blinded. You are dead. Vanquished creatures: an orc-captain 5 Uruk-hai a shrieker a gnomish wizard 2 floating eyes 2 dwarves 3 kobold shamans 4 rothes a rabid rat 2 dwarf zombies a wererat an iguana a gas spore 3 hobbits a large kobold a hobgoblin 5 giant rats 6 cave spiders 3 yellow molds a red mold 3 gnomes 3 gnome zombies 3 geckos 7 jackals 5 foxes 5 kobolds 3 goblins 2 sewer rats 15 grid bugs 2 lichens 2 kobold zombies 2 newts 97 creatures vanquished. Voluntary challenges: You were an atheist. You used a wielded weapon 17 times, starting on turn 822. You read items or engraved 4 times, starting on turn 1999. You never genocided any monsters. You never polymorphed an object. You never changed form. You used no wishes. You never split a pudding. You wrote Elbereth's name 2 times, starting on turn 2000. You never violated your personal moral code. Dungeon overview: The Dungeons of Doom: levels 1 to 8 Level 1 a sink a long staircase Level 2 a fountain Level 3 stairs to The Gnomish Mines Level 4 a general store, a sink Level 5 Level 6 a general store, a fountain Level 7 a fountain, a sink Level 8 <- You were here some fountains The Gnomish Mines: Level 4 stairs to The Dungeons of Doom History has recorded: On T:1 you entered the Dungeons of Doom to retrieve the Amulet of Yendor! On T:167 you reached level 2 of The Dungeons of Doom. On T:345 you reached level 3 of The Dungeons of Doom. On T:1021 you reached level 4 of The Dungeons of Doom. On T:1207 you reached level 1 of The Gnomish Mines. On T:1881 you reached level 5 of The Dungeons of Doom. On T:2427 you reached level 6 of The Dungeons of Doom. On T:2914 you reached level 7 of The Dungeons of Doom. On T:3354 you advanced to experience level 2. On T:3448 you reached level 8 of The Dungeons of Doom. On T:3596 you advanced to experience level 3. Score breakdown: Gold: 1450 (10754 points) Experience: 3 levels ( 7878 points) Exploration: 8 levels ( 16.67%) (11577 points) Discoveries: 4 items ( 1.33%) ( 3458 points) Valuables value: (no points given unless you survive) Artifact value: 0 ( 0 points) Variety of kills: 32 monsters ( 8.36%) ( 8671 points) Turncount: 3734 turns ( -923 points) Survival: died (score multiplied by 80%) Total score: 33132 Latest messages: The Uruk-hai swings his crude bow at Bernoulli. The Uruk-hai hits Bernoulli. Bernoulli bites the Uruk-hai. (3x) The Uruk-hai swings his crude bow at Bernoulli. The Uruk-hai misses Bernoulli. Bernoulli bites the Uruk-hai. The Uruk-hai is killed! There are several objects here. (3x) The Uruk-hai zaps a marble wand! The sleep ray hits you! The sleep ray bounces! The sleep ray hits you! (3x) It is missed. (2x) It is hit. It is missed. It is hit. The sleep ray whizzes by you! It misses. (3x) It hits! It is hit. It is missed. You are hit! You aren't poisoned. It misses. It hits! (3x) You die... Final status: Aloha Jonadab the Tourist, killed by an Uruk-hai, while sleeping... You died in The Dungeons of Doom on dungeon level 8 with 33132 points, and 1890 pieces of gold, after 3734 moves. You were level 3 with a maximum of 36 hit points when you died.